 Dungeon Crawl Stone Soup version 0.26.1-10-gdfb7c7de75 (webtiles) character file.

Game seed: 4607695529207502934

433 H0rd4k the Covered (level 7, -3/51 HPs)
             Began as a Human Artificer on Mar 31, 2021.
             Killed from afar by an orc wizard (11 damage)
             ... with a magic dart
             ... on level 4 of the Dungeon.
             The game lasted 00:06:55 (5048 turns).

H0rd4k the Covered (Human Artificer)                Turns: 5048, Time: 00:06:56

Health: -3/51      AC:  5    Str: 11 (14) XL:     7   Next: 20%
Magic:  16/16      EV: 11    Int: 10 (11) God:
Gold:   151        SH:  0    Dex: 11 (14) Spells: 6/6 levels left

rFire    . . .     SeeInvis .   r - +1 dagger (vamp)
rCold    . . .     Faith    .   (no shield)
rNeg     . . .     Spirit   .   s - +0 ring mail (curse)
rPois    .         Reflect  .   (no helmet)
rElec    .         Harm     .   (no cloak)
rCorr    .         Rampage  .   (no gloves)
Will     .....                  (no boots)
Stlth    ++........             (no amulet)
HPRegen  0.17/turn              n - ring of magical power
MPRegen  0.15/turn              l - ring of stealth

@: no status effects
A: no striking features
a: no special abilities


You were on level 4 of the Dungeon.
You visited 1 branch of the dungeon, and saw 4 of its levels.

You collected 151 gold pieces.

Inventory:

Hand Weapons
 i - a cursed -3 spear
 r - a +1 vampiric dagger (weapon)
Armour
 b - a +0 leather armour
 s - a cursed +0 ring mail (worn)
Jewellery
 h - an uncursed ring of flight
 l - a ring of stealth (right hand)
 n - a ring of magical power (left hand)
 y - an uncursed ring of protection from fire
Wands
 c - a wand of flame (6) (quivered)
 d - a wand of enslavement (2)
 e - a wand of random effects (15)
 A - a wand of polymorph (14)
Scrolls
 g - 2 scrolls of amnesia {unknown}
 j - a scroll of magic mapping {unknown}
 m - 2 scrolls of fear {unknown}
 o - 3 scrolls of blinking {unknown}
 u - 8 scrolls of identify {unknown}
 w - a scroll of noise {unknown}
 x - 2 scrolls of teleportation {unknown}
 B - a scroll of enchant armour {unknown}
 D - a scroll of remove curse {unknown}
Potions
 a - a potion of ambrosia {unknown}
 f - 5 potions of flight
 k - 2 potions of degeneration
 p - a potion of curing
 q - 2 potions of lignification {unknown}
 t - a potion of attraction {unknown}
 v - 2 potions of haste {unknown}
 z - a potion of might {unknown}
 C - a potion of invisibility {unknown}


   Skills:
 + Level 2.3 Fighting
 + Level 2.7 Short Blades
 + Level 4.2 Armour
 + Level 3.0 Dodging
 + Level 2.3 Stealth
 + Level 3.7 Evocations


You had 6 spell levels left.
You didn't know any spells.
Your spell library was empty.

Dungeon Overview and Level Annotations

Branches:
Dungeon (4/15)
 Temple: D:4-7

Altars:
Dithmenos


Message History

* * * LOW HITPOINT WARNING * * *
The hound barely misses you.
You feel yourself speed up. The hound bites you.
* * * LOW HITPOINT WARNING * * *
The hound stops to sniff the ground.
The hound bites you.
* * * LOW HITPOINT WARNING * * *
You feel better. The hound closely misses you. The hound bites you.
* * * LOW HITPOINT WARNING * * *
Aiming: Throw Flame
Press: ? - help, Shift-Dir - straight line, f/p - orc wizard
Aim: an orc wizard, wielding a +0 dagger and wearing a +0 robe (lightly wounded, fast, 36% to evade)
The puff of flame hits the hound.
You kill the hound!
The hound bites you.
* * * LOW HITPOINT WARNING * * *
The orc wizard gestures at you while chanting.
The magic dart hits you!
You die...

##### ###...###
##...h...##
#######...o)@...##
..........###....#
###..........##
##...#
......(......##
##.<# ..#
#.^.$.........#
#..# ..#
##............#
#..##..##
w#.#......##...##
#...#...#
##.......#
##...###.......#
#####....##
#............#


You could see a hound (slow) and an orc wizard (fast).

Vanquished Creatures
  An ogre (D:4)
  A water moccasin skeleton (D:4)
  2 hounds (D:4)
  An orc wizard (D:3)
  2 worker ants (D:4)
  A hound skeleton (D:4)
  4 adders
  3 worms
  A dart slug (D:2)
  4 leopard geckos
  9 orcs
  9 bats
  12 giant cockroaches
  7 goblins
  3 hobgoblins (D:1)
  11 jackals (D:3)
  9 kobolds
  A quokka (D:4)
  A ball python (D:3)
  3 frilled lizards
  A jackal skeleton (D:3)
  8 rats
94 creatures vanquished.

Vanquished Creatures (collateral kills)
  An orc priest (D:4)
  A leopard gecko (D:4)
  8 orcs (D:4)
  A hobgoblin (D:1)
  A ball python (D:4)
  A leopard gecko skeleton (D:4)
  A rat (D:1)
14 creatures vanquished.

Vanquished Creatures (others)
  3 orc priests (D:4)
  A bat (D:1)
  2 rats (D:1)
6 creatures vanquished.

Grand Total: 114 creatures vanquished

Notes
Turn   | Place    | Note
-------+----------+-------------------------------------------
     0 | D:1      | H0rd4k the Human Artificer began the quest for the Orb.
     0 | D:1      | Reached XP level 1. HP: 15/15 MP: 1/1
   568 | D:1      | Reached XP level 2. HP: 4/21 MP: 2/2
  1621 | D:2      | Reached XP level 3. HP: 26/26 MP: 3/3
  2252 | D:2      | Reached XP level 4. HP: 29/32 MP: 4/4
  2547 | D:2      | Reached skill level 1 in Short Blades
  2674 | D:3      | Found a faded altar of an unknown god.
  2855 | D:3      | Reached XP level 5. HP: 25/37 MP: 5/5
  2905 | D:3      | Reached skill level 3 in Armour
  3948 | D:4      | Noticed an ogre
  3971 | D:4      | Reached XP level 6. HP: 41/44 MP: 6/6
  3995 | D:4      | Killed an ogre
  4100 | D:4      | Found a shadowy altar of Dithmenos.
  4332 | D:4      | Reached skill level 4 in Armour
  4446 | D:4      | Reached XP level 7. HP: 18/50 MP: 7/7
  5033 | D:4      | HP: 1/51 [leopard gecko skeleton (3)]
  5046 | D:4      | HP: 2/51 [hound (5)]
  5048 | D:4      | Killed from afar by an orc wizard

Illustrated notes

Levels and vault maps discovered:
D:1:      lemuel_arrival_tunnels, layout_basic, lemuel_old_faithful
D:2:      layout_basic
D:3:      layout_rooms, chequers_ecumenical_altar_grove
D:4:      layout_layer_cave, old_standard_altar, minmay_joined_circles

Skill      XL: |  1  2  3  4  5  6  7 |
---------------+----------------------+-----
Short Blades   | 1 2 |  2.7
Dodging        | 2 3 |  3.0
Armour         | 3 4 |  4.2
Fighting       | 2 |  2.3
Stealth        | 2 |  2.3
Evocations     | |  3.7

Action                   |  1- 3 |  4- 6 |  7- 9 || total
-------------------------+-------+-------+-------++-------
Melee: Club              |    53 |       |       ||    53
       Dagger            |   104 |   332 |    72 ||   508
Evoke: Wand              |     1 |     9 |    12 ||    22
  Use: Potion            |       |       |     5 ||     5
 Stab: Sleeping          |     1 |     6 |     1 ||     8
       Distracted        |       |     2 |       ||     2
Armor: Leather armour    |    43 |       |       ||    43
       Ring mail         |    33 |   125 |    26 ||   184
Dodge: Dodged            |    99 |   197 |    56 ||   352
